Workbook

Sheet 总表
A2: 睢县2025年衔接资金巩固拓展脱贫攻坚成果和乡村振兴产业项目明细表
A3: 序号 | B3: 项目名称 | C3: 项目 类型 | D3: 建设 性质 | E3: 实施地点 | G3: 建设任务 | H3: 资金规模 （万元） | I3: 产权归属 | J3: 绩效目标 | K3: 帮扶机制 | L3: 责任单位 | M3: 备注
E4: 乡镇 | F4: 村委
A5: 合计 | H5: 276.7
A6: 1 | B6: 睢县2025年胡堂乡文庄村养殖大棚建设和胡堂乡产业配套机井项目 | C6: 产业发展 | D6: 新建 | E6: 胡堂乡 | F6: 文庄村 | G6: 新建养殖大棚2座及电力等内部配套设施，每座1620平方，共3240平方。 | H6: 259.2 | I6: 胡堂乡文庄村 | J6: 项目建成后，①资产类项目收益归文庄村集体所有，并辐射带动周边村委受益；②优先优惠脱贫户及监测对象租用的前提下，由龙头企业、合作社、家庭农场或技术能人等租用或村集体自营，合同到期后，同等条件下原承包人优先租用，每年增加的村集体经济收入占经营性项目资产财政投资比例，不低于央行同期贷款利率（1年期LPR），用于壮大村集体经济，开发公益岗位，临时救助，建设小型公益项目等，进一步巩固拓展脱贫攻坚成果，推进乡村振兴。③计划带动脱贫户和监测对象40户，户均年增收3000元以上。 | K6: 通过项目实施，完善村产业结构，增加村集体收入，通过鼓励脱贫户和监测对象租用、带动就业务工、技能培训、开发公益岗位、临时救助等多种方式，带动脱贫户及监测对象40户增收，户均增收3000元以上，产业增收成效明显。 | L6: 睢县胡堂乡政府
C7: 产业发展 | D7: 新建 | E7: 胡堂乡 | F7: 胡堂村、张营村 | G7: 共新打机井10眼。①胡堂村：新打机井5眼（焊接管、内径40厘米、井深50米）及井台、井盖、闸刀等配套设施。②张营村：新打机井5眼（焊接管、内径40厘米、井深50米）及井台、井盖、闸刀等配套设施。 | H7: 17.5 | I7: 胡堂乡胡堂村、张营村 | J7: 项目建成后，资产类项目产权归胡堂乡胡堂村、张营村村集体所有，全村群众受益，其中受益脱贫户及监测对象58户164人。进一步完善农业产业配套设施，方便农业产业生产灌溉，农业产业配套设施明显改善，为村农业产业发展提供环境支持，促进农村经济发展，进一步提升群众幸福感、获得感。 | K7: 通过项目实施，村农业产业配套设施更加完善，方便生产灌溉，为村民发展农业产业提供配套保障，促进村集体经济发展和群众增收。

Sheet 村属性
A1: 乡(镇) | B1: 行政村 | C1: 乡镇+行政村 | D1: 是否重点村 | E1: 是否软弱涣散村 | F1: 是否乡村振兴任务重的村 | G1: 已申报项目村
A2: 合计 | D2: 118
A3: 白楼乡 | B3: 白楼村 | C3: 白楼乡白楼村 | G3: =IFERROR(VLOOKUP(C3,总表!#REF!,1,)&"","")
A4: 白楼乡 | B4: 杨庄村 | C4: 白楼乡杨庄村 | G4: =IFERROR(VLOOKUP(C4,总表!#REF!,1,)&"","")
A5: 白楼乡 | B5: 蔡刘村 | C5: 白楼乡蔡刘村 | G5: =IFERROR(VLOOKUP(C5,总表!#REF!,1,)&"","")
A6: 白楼乡 | B6: 范楼村 | C6: 白楼乡范楼村 | G6: =IFERROR(VLOOKUP(C6,总表!#REF!,1,)&"","")
A7: 白楼乡 | B7: 冯庄村 | C7: 白楼乡冯庄村 | G7: =IFERROR(VLOOKUP(C7,总表!#REF!,1,)&"","")
A8: 白楼乡 | B8: 郭皮村 | C8: 白楼乡郭皮村 | G8: =IFERROR(VLOOKUP(C8,总表!#REF!,1,)&"","")
A9: 白楼乡 | B9: 蒋楼村 | C9: 白楼乡蒋楼村 | E9: 是 | G9: =IFERROR(VLOOKUP(C9,总表!#REF!,1,)&"","")
A10: 白楼乡 | B10: 蒋庄村 | C10: 白楼乡蒋庄村 | G10: =IFERROR(VLOOKUP(C10,总表!#REF!,1,)&"","")
A11: 白楼乡 | B11: 金东村 | C11: 白楼乡金东村 | D11: 是 | E11: 是 | G11: =IFERROR(VLOOKUP(C11,总表!#REF!,1,)&"","")
A12: 白楼乡 | B12: 金西村 | C12: 白楼乡金西村 | D12: 是 | G12: =IFERROR(VLOOKUP(C12,总表!#REF!,1,)&"","")
A13: 白楼乡 | B13: 君赵村 | C13: 白楼乡君赵村 | F13: 是 | G13: =IFERROR(VLOOKUP(C13,总表!#REF!,1,)&"","")
A14: 白楼乡 | B14: 马岗村 | C14: 白楼乡马岗村 | G14: =IFERROR(VLOOKUP(C14,总表!#REF!,1,)&"","")
A15: 白楼乡 | B15: 马楼村 | C15: 白楼乡马楼村 | G15: =IFERROR(VLOOKUP(C15,总表!#REF!,1,)&"","")
A16: 白楼乡 | B16: 任庄村 | C16: 白楼乡任庄村 | G16: =IFERROR(VLOOKUP(C16,总表!#REF!,1,)&"","")
A17: 白楼乡 | B17: 阮洼村 | C17: 白楼乡阮洼村 | D17: 是 | G17: =IFERROR(VLOOKUP(C17,总表!#REF!,1,)&"","")
A18: 白楼乡 | B18: 顺北村 | C18: 白楼乡顺北村 | G18: =IFERROR(VLOOKUP(C18,总表!#REF!,1,)&"","")
A19: 白楼乡 | B19: 顺南村 | C19: 白楼乡顺南村 | G19: =IFERROR(VLOOKUP(C19,总表!#REF!,1,)&"","")
A20: 白楼乡 | B20: 司桥村 | C20: 白楼乡司桥村 | G20: =IFERROR(VLOOKUP(C20,总表!#REF!,1,)&"","")
A21: 白楼乡 | B21: 孙楼村 | C21: 白楼乡孙楼村 | G21: =IFERROR(VLOOKUP(C21,总表!#REF!,1,)&"","")
A22: 白楼乡 | B22: 童楼村 | C22: 白楼乡童楼村 | D22: 是 | G22: =IFERROR(VLOOKUP(C22,总表!#REF!,1,)&"","")
A23: 白楼乡 | B23: 王官村 | C23: 白楼乡王官村 | D23: 是 | G23: =IFERROR(VLOOKUP(C23,总表!#REF!,1,)&"","")
A24: 白楼乡 | B24: 王堂村 | C24: 白楼乡王堂村 | G24: =IFERROR(VLOOKUP(C24,总表!#REF!,1,)&"","")
A25: 白楼乡 | B25: 西岗村 | C25: 白楼乡西岗村 | G25: =IFERROR(VLOOKUP(C25,总表!#REF!,1,)&"","")
A26: 白楼乡 | B26: 殷堂村 | C26: 白楼乡殷堂村 | G26: =IFERROR(VLOOKUP(C26,总表!#REF!,1,)&"","")
A27: 白楼乡 | B27: 余庄村 | C27: 白楼乡余庄村 | G27: =IFERROR(VLOOKUP(C27,总表!#REF!,1,)&"","")
A28: 白楼乡 | B28: 朱桥村 | C28: 白楼乡朱桥村 | G28: =IFERROR(VLOOKUP(C28,总表!#REF!,1,)&"","")
A29: 白庙乡 | B29: 白庙村 | C29: 白庙乡白庙村 | F29: 是 | G29: =IFERROR(VLOOKUP(C29,总表!#REF!,1,)&"","")
A30: 白庙乡 | B30: 单庄村 | C30: 白庙乡单庄村 | G30: =IFERROR(VLOOKUP(C30,总表!#REF!,1,)&"","")
A31: 白庙乡 | B31: 东朱楼村 | C31: 白庙乡东朱楼村 | G31: =IFERROR(VLOOKUP(C31,总表!#REF!,1,)&"","")
A32: 白庙乡 | B32: 郭店村 | C32: 白庙乡郭店村 | G32: =IFERROR(VLOOKUP(C32,总表!#REF!,1,)&"","")
A33: 白庙乡 | B33: 后杨村 | C33: 白庙乡后杨村 | E33: 是 | G33: =IFERROR(VLOOKUP(C33,总表!#REF!,1,)&"","")
A34: 白庙乡 | B34: 姜集村 | C34: 白庙乡姜集村 | G34: =IFERROR(VLOOKUP(C34,总表!#REF!,1,)&"","")
A35: 白庙乡 | B35: 李口村 | C35: 白庙乡李口村 | D35: 是 | G35: =IFERROR(VLOOKUP(C35,总表!#REF!,1,)&"","")
A36: 白庙乡 | B36: 李楼村 | C36: 白庙乡李楼村 | G36: =IFERROR(VLOOKUP(C36,总表!#REF!,1,)&"","")
A37: 白庙乡 | B37: 鲁楼村 | C37: 白庙乡鲁楼村 | G37: =IFERROR(VLOOKUP(C37,总表!#REF!,1,)&"","")
A38: 白庙乡 | B38: 聂庄村 | C38: 白庙乡聂庄村 | D38: 是 | G38: =IFERROR(VLOOKUP(C38,总表!#REF!,1,)&"","")
A39: 白庙乡 | B39: 裴堂村 | C39: 白庙乡裴堂村 | G39: =IFERROR(VLOOKUP(C39,总表!#REF!,1,)&"","")
A40: 白庙乡 | B40: 石屯村 | C40: 白庙乡石屯村 | G40: =IFERROR(VLOOKUP(C40,总表!#REF!,1,)&"","")
A41: 白庙乡 | B41: 苏庄村 | C41: 白庙乡苏庄村 | D41: 是 | G41: =IFERROR(VLOOKUP(C41,总表!#REF!,1,)&"","")
A42: 白庙乡 | B42: 土楼村 | C42: 白庙乡土楼村 | D42: 是 | G42: =IFERROR(VLOOKUP(C42,总表!#REF!,1,)&"","")
A43: 白庙乡 | B43: 王一明村 | C43: 白庙乡王一明村 | G43: =IFERROR(VLOOKUP(C43,总表!#REF!,1,)&"","")
A44: 白庙乡 | B44: 西朱楼村 | C44: 白庙乡西朱楼村 | G44: =IFERROR(VLOOKUP(C44,总表!#REF!,1,)&"","")
A45: 白庙乡 | B45: 徐阳沟村 | C45: 白庙乡徐阳沟村 | D45: 是 | G45: =IFERROR(VLOOKUP(C45,总表!#REF!,1,)&"","")
A46: 白庙乡 | B46: 殷楼村 | C46: 白庙乡殷楼村 | G46: =IFERROR(VLOOKUP(C46,总表!#REF!,1,)&"","")
A47: 白庙乡 | B47: 袁柳村 | C47: 白庙乡袁柳村 | G47: =IFERROR(VLOOKUP(C47,总表!#REF!,1,)&"","")
A48: 白庙乡 | B48: 赵河口村 | C48: 白庙乡赵河口村 | D48: 是 | G48: =IFERROR(VLOOKUP(C48,总表!#REF!,1,)&"","")
A49: 白庙乡 | B49: 仲集村 | C49: 白庙乡仲集村 | G49: =IFERROR(VLOOKUP(C49,总表!#REF!,1,)&"","")
A50: 潮庄镇 | B50: 潮北村 | C50: 潮庄镇潮北村 | G50: =IFERROR(VLOOKUP(C50,总表!#REF!,1,)&"","")
A51: 潮庄镇 | B51: 潮东村 | C51: 潮庄镇潮东村 | G51: =IFERROR(VLOOKUP(C51,总表!#REF!,1,)&"","")
A52: 潮庄镇 | B52: 潮南村 | C52: 潮庄镇潮南村 | G52: =IFERROR(VLOOKUP(C52,总表!#REF!,1,)&"","")
A53: 潮庄镇 | B53: 潮西村 | C53: 潮庄镇潮西村 | D53: 是 | G53: =IFERROR(VLOOKUP(C53,总表!#REF!,1,)&"","")
A54: 潮庄镇 | B54: 程庄村 | C54: 潮庄镇程庄村 | G54: =IFERROR(VLOOKUP(C54,总表!#REF!,1,)&"","")
A55: 潮庄镇 | B55: 传李村 | C55: 潮庄镇传李村 | G55: =IFERROR(VLOOKUP(C55,总表!#REF!,1,)&"","")
A56: 潮庄镇 | B56: 大刘村 | C56: 潮庄镇大刘村 | G56: =IFERROR(VLOOKUP(C56,总表!#REF!,1,)&"","")
A57: 潮庄镇 | B57: 大徐村 | C57: 潮庄镇大徐村 | G57: =IFERROR(VLOOKUP(C57,总表!#REF!,1,)&"","")
A58: 潮庄镇 | B58: 大赵村 | C58: 潮庄镇大赵村 | G58: =IFERROR(VLOOKUP(C58,总表!#REF!,1,)&"","")
A59: 潮庄镇 | B59: 党庄村 | C59: 潮庄镇党庄村 | G59: =IFERROR(VLOOKUP(C59,总表!#REF!,1,)&"","")
A60: 潮庄镇 | B60: 董庄村 | C60: 潮庄镇董庄村 | G60: =IFERROR(VLOOKUP(C60,总表!#REF!,1,)&"","")
A61: 潮庄镇 | B61: 冯庄村 | C61: 潮庄镇冯庄村 | G61: =IFERROR(VLOOKUP(C61,总表!#REF!,1,)&"","")
A62: 潮庄镇 | B62: 葛庄村 | C62: 潮庄镇葛庄村 | D62: 是 | G62: =IFERROR(VLOOKUP(C62,总表!#REF!,1,)&"","")
A63: 潮庄镇 | B63: 郭庄村 | C63: 潮庄镇郭庄村 | D63: 是 | G63: =IFERROR(VLOOKUP(C63,总表!#REF!,1,)&"","")
A64: 潮庄镇 | B64: 胡寺村 | C64: 潮庄镇胡寺村 | F64: 是 | G64: =IFERROR(VLOOKUP(C64,总表!#REF!,1,)&"","")
A65: 潮庄镇 | B65: 火楼村 | C65: 潮庄镇火楼村 | G65: =IFERROR(VLOOKUP(C65,总表!#REF!,1,)&"","")
A66: 潮庄镇 | B66: 李胡村 | C66: 潮庄镇李胡村 | G66: =IFERROR(VLOOKUP(C66,总表!#REF!,1,)&"","")
A67: 潮庄镇 | B67: 李清渊村 | C67: 潮庄镇李清渊村 | E67: 是 | G67: =IFERROR(VLOOKUP(C67,总表!#REF!,1,)&"","")
A68: 潮庄镇 | B68: 李庄村 | C68: 潮庄镇李庄村 | G68: =IFERROR(VLOOKUP(C68,总表!#REF!,1,)&"","")
A69: 潮庄镇 | B69: 马元村 | C69: 潮庄镇马元村 | G69: =IFERROR(VLOOKUP(C69,总表!#REF!,1,)&"","")
A70: 潮庄镇 | B70: 南徐村 | C70: 潮庄镇南徐村 | D70: 是 | G70: =IFERROR(VLOOKUP(C70,总表!#REF!,1,)&"","")
A71: 潮庄镇 | B71: 三李村 | C71: 潮庄镇三李村 | G71: =IFERROR(VLOOKUP(C71,总表!#REF!,1,)&"","")
A72: 潮庄镇 | B72: 佘堂村 | C72: 潮庄镇佘堂村 | G72: =IFERROR(VLOOKUP(C72,总表!#REF!,1,)&"","")
A73: 潮庄镇 | B73: 袁楼村 | C73: 潮庄镇袁楼村 | G73: =IFERROR(VLOOKUP(C73,总表!#REF!,1,)&"","")
A74: 潮庄镇 | B74: 张可刘村 | C74: 潮庄镇张可刘村 | E74: 是 | G74: =IFERROR(VLOOKUP(C74,总表!#REF!,1,)&"","")
A75: 潮庄镇 | B75: 张老村 | C75: 潮庄镇张老村 | G75: =IFERROR(VLOOKUP(C75,总表!#REF!,1,)&"","")
A76: 潮庄镇 | B76: 张文英村 | C76: 潮庄镇张文英村 | G76: =IFERROR(VLOOKUP(C76,总表!#REF!,1,)&"","")
A77: 潮庄镇 | B77: 赵楼村 | C77: 潮庄镇赵楼村 | D77: 是 | G77: =IFERROR(VLOOKUP(C77,总表!#REF!,1,)&"","")
A78: 潮庄镇 | B78: 中岗村 | C78: 潮庄镇中岗村 | G78: =IFERROR(VLOOKUP(C78,总表!#REF!,1,)&"","")
A79: 城关镇 | B79: 东关北村 | C79: 城关镇东关北村 | G79: =IFERROR(VLOOKUP(C79,总表!#REF!,1,)&"","")
A80: 城关镇 | B80: 东关东村 | C80: 城关镇东关东村 | E80: 是 | G80: =IFERROR(VLOOKUP(C80,总表!#REF!,1,)&"","")
A81: 城关镇 | B81: 东关南村 | C81: 城关镇东关南村 | G81: =IFERROR(VLOOKUP(C81,总表!#REF!,1,)&"","")
A82: 城关镇 | B82: 东关西村 | C82: 城关镇东关西村 | G82: =IFERROR(VLOOKUP(C82,总表!#REF!,1,)&"","")
A83: 城关镇 | B83: 康河村 | C83: 城关镇康河村 | G83: =IFERROR(VLOOKUP(C83,总表!#REF!,1,)&"","")
A84: 城关镇 | B84: 老关张村 | C84: 城关镇老关张村 | D84: 是 | G84: =IFERROR(VLOOKUP(C84,总表!#REF!,1,)&"","")
A85: 城关镇 | B85: 刘庄村 | C85: 城关镇刘庄村 | G85: =IFERROR(VLOOKUP(C85,总表!#REF!,1,)&"","")
A86: 城关镇 | B86: 南关村 | C86: 城关镇南关村 | G86: =IFERROR(VLOOKUP(C86,总表!#REF!,1,)&"","")
A87: 城关镇 | B87: 平楼村 | C87: 城关镇平楼村 | G87: =IFERROR(VLOOKUP(C87,总表!#REF!,1,)&"","")
A88: 城关镇 | B88: 三里屯村 | C88: 城关镇三里屯村 | G88: =IFERROR(VLOOKUP(C88,总表!#REF!,1,)&"","")
A89: 城关镇 | B89: 三里庄村 | C89: 城关镇三里庄村 | G89: =IFERROR(VLOOKUP(C89,总表!#REF!,1,)&"","")
A90: 城关镇 | B90: 汤庄村 | C90: 城关镇汤庄村 | D90: 是 | G90: =IFERROR(VLOOKUP(C90,总表!#REF!,1,)&"","")
A91: 城关镇 | B91: 王庄村 | C91: 城关镇王庄村 | G91: =IFERROR(VLOOKUP(C91,总表!#REF!,1,)&"","")
A92: 城关镇 | B92: 西门里村 | C92: 城关镇西门里村 | G92: =IFERROR(VLOOKUP(C92,总表!#REF!,1,)&"","")
A93: 城关镇 | B93: 小门里村 | C93: 城关镇小门里村 | G93: =IFERROR(VLOOKUP(C93,总表!#REF!,1,)&"","")
A94: 城关镇 | B94: 姚寨村 | C94: 城关镇姚寨村 | G94: =IFERROR(VLOOKUP(C94,总表!#REF!,1,)&"","")
A95: 城关镇 | B95: 袁庄村 | C95: 城关镇袁庄村 | D95: 是 | G95: =IFERROR(VLOOKUP(C95,总表!#REF!,1,)&"","")
A96: 城关镇 | B96: 周庄村 | C96: 城关镇周庄村 | D96: 是 | G96: =IFERROR(VLOOKUP(C96,总表!#REF!,1,)&"","")
A97: 凤城街道 | B97: 保庙村 | C97: 凤城街道保庙村 | D97: 是 | G97: =IFERROR(VLOOKUP(C97,总表!#REF!,1,)&"","")
A98: 凤城街道 | B98: 北关村 | C98: 凤城街道北关村 | G98: =IFERROR(VLOOKUP(C98,总表!#REF!,1,)&"","")
A99: 凤城街道 | B99: 大林店村 | C99: 凤城街道大林店村 | G99: =IFERROR(VLOOKUP(C99,总表!#REF!,1,)&"","")
A100: 凤城街道 | B100: 董庄村 | C100: 凤城街道董庄村 | D100: 是 | G100: =IFERROR(VLOOKUP(C100,总表!#REF!,1,)&"","")
...

Sheet 未完工项目
A1: 序号 | B1: 年度 | C1: 所在乡镇 | D1: 所在村委 | G1: 项目名称 | H1: 批复内容 | I1: 批复金额 （万元） | J1: 责任单位
A2: 1 | B2: 2023 | C2: 周堂镇 | D2: 齐庄村 | E2: =C2&D2 -> 周堂镇齐庄村 | F2: 是 | G2: 睢县2023年现代农业科技示范园配套提升项目 | H2: 一标（193.6万元）：①水井及供水设备一套。②12.5米宽100米长大跨度巨型棚2座。③无人农场装备、水肥一体化及配套设施1套。 二标（226.4万元）：①10800平方米空气源热泵。②800KVA箱变及配套设施一套。 | I2: 420 | J2: 睢县农科所 | K2: =VLOOKUP(E2,村属性!C:C,1,) -> 周堂镇齐庄村
A3: 2 | B3: 2023 | C3: 蓼堤镇 | D3: 大岗村 | E3: =C3&D3 -> 蓼堤镇大岗村 | F3: 是 | G3: 睢县2023年蓼堤镇大岗村加工车间升级改造（第一书记）项目 | H3: ①提升改造600平方米帮扶车间和300平方米配套用房，房顶维修、加装控温装置等。②提升改造消防设施，新建压力罐及消防设施1套。③新建400平方米帮扶车间1座。 | I3: 50 | J3: 蓼堤镇 | K3: =VLOOKUP(E3,村属性!C:C,1,) -> 蓼堤镇大岗村
A4: 3 | B4: 2023 | C4: 涧岗乡 | D4: 王庄村 | E4: =C4&D4 -> 涧岗乡王庄村 | F4: 是 | G4: 睢县2023年涧岗乡王庄村（庭院经济）项目 | H4: 坑塘整治养鱼1500平方。配套道路260米，宽3米，15cm厚C30砼路面+15cm厚6%水泥稳定土基层。 | I4: 20 | J4: 涧岗乡 | K4: =VLOOKUP(E4,村属性!C:C,1,) -> 涧岗乡王庄村
A5: 4 | B5: 2023 | C5: 白楼乡 | D5: 蒋楼村 | E5: =C5&D5 -> 白楼乡蒋楼村 | F5: 是 | G5: 睢县2023年白楼乡蒋楼村加工厂房项目 | H5: ①新建双层钢结构厂房1座1200m2。②变压器、电缆、消防等配套设施。 | I5: 189 | J5: 白楼乡 | K5: =VLOOKUP(E5,村属性!C:C,1,) -> 白楼乡蒋楼村
A6: 5 | B6: 2024 | C6: 白庙乡 | D6: 徐阳沟村 | E6: =C6&D6 -> 白庙乡徐阳沟村 | F6: 是 | G6: 睢县2024年白庙乡徐阳沟村蛋品加工配套项目 | H6: ①鸭蛋存放棚15米*50米2座、15米*48米1座、12米*84米1座、12米*76米1座、12米*44米1座，均高4.5米。②DN600、DN300排水设施700米。③新建4.5米宽，18cm厚C30砼面层+15cm厚8%水泥混凝土道路175米。④公厕46平方米1座。⑤围栏1200米。⑥200千瓦变压器1台及配套线路等。 | I6: 220 | J6: 白庙乡 | K6: =VLOOKUP(E6,村属性!C:C,1,) -> 白庙乡徐阳沟村
A7: 6 | B7: 2024 | C7: 白庙乡 | D7: 土楼村 | E7: =C7&D7 -> 白庙乡土楼村 | F7: 是 | G7: 睢县2024年白庙乡土楼村菊花药材种植加工项目 | H7: 新建1200平方加工厂房一座、烘干设备及杀青烘干一体机一套。 | I7: 200 | J7: 白庙乡 | K7: =VLOOKUP(E7,村属性!C:C,1,) -> 白庙乡土楼村
A8: 7 | B8: 2024 | C8: 白庙乡 | D8: 单庄村 | E8: =C8&D8 -> 白庙乡单庄村 | F8: 是 | G8: 睢县2024年白庙乡单庄村申通干渠疏浚项目 | H8: 河道清淤疏浚4公里，新建桥梁1座，顶管20米（DN400波纹管），埋管400米（DN800混凝土管）。 | I8: 55 | J8: 白庙乡 | K8: =VLOOKUP(E8,村属性!C:C,1,) -> 白庙乡单庄村
A9: 8 | B9: 2024 | C9: 后台乡 | D9: 闫庄村 | E9: =C9&D9 -> 后台乡闫庄村 | F9: 是 | G9: 睢县2024年后台乡闫庄村蛋类加工厂房建设项目 | H9: 新建1200平方钢结构加工厂房1座。 | I9: 93.6 | J9: 后台乡 | K9: =VLOOKUP(E9,村属性!C:C,1,) -> 后台乡闫庄村
A10: 9 | B10: 2024 | C10: 白楼乡 | D10: 任庄村 | E10: =C10&D10 -> 白楼乡任庄村 | F10: 是 | G10: 睢县2024年白楼乡任庄村加工厂房建设项目 | H10: 新建1000平方钢结构加工厂房1座。 | I10: 78 | J10: 白楼乡 | K10: =VLOOKUP(E10,村属性!C:C,1,) -> 白楼乡任庄村
A11: 10 | B11: 2024 | C11: 白楼乡 | D11: 任庄村 | E11: =C11&D11 -> 白楼乡任庄村 | F11: 是 | G11: 睢县2024年白楼乡靳屯村道路建设项目 | H11: 新建道路1099米，其中3米宽195米、3.5米宽158米、4米宽长746米，15cm厚C30砼面层、15cm厚三七灰土基层。 | I11: 58.95 | J11: 白楼乡 | K11: =VLOOKUP(E11,村属性!C:C,1,) -> 白楼乡任庄村
A12: 12 | B12: 2024 | C12: 河集乡 | D12: 崔黄村 | E12: =C12&D12 -> 河集乡崔黄村 | F12: 是 | G12: 睢县2024年河集乡崔黄村道路建设项目 | H12: 新建道路2251米，其中4米宽350米、3.5米宽1357米、3米宽544米，15cm厚C30砼面层、15cm厚三七灰土基层。 | I12: 111.28 | J12: 河集乡 | K12: =VLOOKUP(E12,村属性!C:C,1,) -> 河集乡崔黄村
A13: 13 | B13: 2024 | C13: 白庙乡 | D13: 东朱楼村 | E13: =C13&D13 -> 白庙乡东朱楼村 | F13: 是 | G13: 睢县2024年五河湾东朱楼村加工厂房项目 | H13: 新建1000平方钢结构加工厂房1座。 | I13: 78 | J13: 五河湾 | K13: =VLOOKUP(E13,村属性!C:C,1,) -> 白庙乡东朱楼村
... A38: 39 | B38: 2024 | C38: 蓼堤镇 | D38: 蓼南村 | E38: =C38&D38 -> 蓼堤镇蓼南村 | F38: 是 | G38: 睢县2024年饮水安全巩固提升项目 | H38: 新打水源井1眼及配套设施。 | I38: 60 | J38: 县水利局 | K38: =VLOOKUP(E38,村属性!C:C,1,) -> 蓼堤镇蓼南村

Sheet 示范村
C2: 孙聚寨乡 | D2: 滑楼村 | E2: =C2&D2 -> 孙聚寨乡滑楼村 | F2: 是
C3: 孙聚寨乡 | D3: 刘庄村 | E3: =C3&D3 -> 孙聚寨乡刘庄村 | F3: 是
C4: 凤城街道 | D4: 十里铺村 | E4: =C4&D4 -> 凤城街道十里铺村 | F4: 是
C5: 凤城街道 | D5: 张弓台村 | E5: =C5&D5 -> 凤城街道张弓台村 | F5: 是
C6: 后台乡 | D6: 王行村 | E6: =C6&D6 -> 后台乡王行村 | F6: 是
C7: 后台乡 | D7: 闫庄村 | E7: =C7&D7 -> 后台乡闫庄村 | F7: 是
C8: 白庙乡 | D8: 石屯村 | E8: =C8&D8 -> 白庙乡石屯村 | F8: 是
C9: 河集乡 | D9: 小杨庄村 | E9: =C9&D9 -> 河集乡小杨庄村 | F9: 是
C10: 西陵寺镇 | D10: 榆南村 | E10: =C10&D10 -> 西陵寺镇榆南村 | F10: 是
C11: 西陵寺镇 | D11: 杜公村 | E11: =C11&D11 -> 西陵寺镇杜公村 | F11: 是
C12: 长岗镇 | D12: 回民村 | E12: =C12&D12 -> 长岗镇回民村 | F12: 是
C13: 长岗镇 | D13: 西村 | E13: =C13&D13 -> 长岗镇西村 | F13: 是
... C41: 蓼堤镇 | D41: 孙吉屯村 | E41: =C41&D41 -> 蓼堤镇孙吉屯村 | F41: 是
